 Dungeon Crawl Stone Soup version 0.30.1-11-g7821555f0a (webtiles) character file.

Game seed: 7176248215444020583

98 Destapler the Trooper (level 4, 0/36 HPs)
             Began as a Demonspawn Berserker on Jan 17, 2024.
             Was a Follower of Trog.
             Succumbed to a scorpion's poison
             ... on level 6 of the Dungeon.
             The game lasted 00:03:28 (1160 turns).

Destapler the Trooper (Demonspawn Berserker)        Turns: 1160, Time: 00:03:30

Health: 0/36       AC:  2    Str: 19    XL:     4   Next: 44%
Magic:  4/4        EV: 12    Int:  9    God:    Trog [*.....]
Gold:   100        SH:  0    Dex: 12    Spells: 3/3 levels left

rFire   . . .        b - +7 sling "Beastbane" {drain, rElec rN+}
rCold   . . .        (no shield)
rNeg    + . .        l - +0 animal skin
rPois   .            (no helmet)
rElec   +            (no cloak)
rCorr   .            (no gloves)
SInv    .            (no boots)
Will    .....        (no amulet)
Stlth   +            (no ring)
HPRegen 0.26/turn    (no ring)
MPRegen 0.09/turn

%: no passive effects
@: mighty, lethally poisoned (0 -> -5)
A: powered by death 1
a: Renounce Religion, Berserk


You were on level 6 of the Dungeon.
You worshipped Trog.
Trog was aware of your devotion.
You visited 1 branch of the dungeon, and saw 4 of its levels.

You collected 100 gold pieces.

Inventory:

Hand Weapons
 a - a +0 spear
 b - the +7 sling "Beastbane" (weapon) {drain, rElec rN+}
   (You found it on level 2 of the Dungeon)

   rElec:     It insulates you from electricity.
   rN:        It protects you from negative energy.
Missiles
 i - 9 stones
Armour
 l - a +0 animal skin (worn)
Jewellery
 f - an amulet of regeneration
Scrolls
 e - a scroll of teleportation {unknown}
 g - a scroll of fear {unknown}
 m - a scroll of immolation {unknown}
Potions
 c - 2 potions of might
 d - a potion of haste {unknown}
 h - 2 potions of mutation {unknown}
 j - a potion of cancellation {unknown}
 k - a potion of degeneration {unknown}


   Skills:
 + Level 3.6 Fighting
 + Level 3.2 Polearms
 + Level 0.9 Ranged Weapons
 + Level 2.5 Armour
 + Level 2.5 Dodging


You had 3 spell levels left.
You didn't know any spells.
Your spell library was empty.

Dungeon Overview and Level Annotations

Branches:
Dungeon (3/15)

Altars:


Innate Abilities, Weirdness & Mutations

You regenerate a little health from kills.


Message History

You shoot a sling bullet. The sling bullet hits the scorpion!
You drain the scorpion.
The scorpion is severely wounded.
You shoot a sling bullet.
The sling bullet closely misses the scorpion.
You shoot a sling bullet.
The sling bullet closely misses the scorpion.
You shoot a sling bullet.
The sling bullet barely misses the scorpion.
The scorpion stings you. x2
You are poisoned.
The scorpion poisons you!
You shoot a sling bullet.
The sling bullet closely misses the scorpion.
You feel very sick. The scorpion stings you.
You are more poisoned.
The scorpion poisons you! The scorpion barely misses you.
You shoot a sling bullet.
The sling bullet barely misses the scorpion.
* * * LOW HITPOINT WARNING * * *
You feel very sick. The scorpion stings you.
* * * LOW HITPOINT WARNING * * *
You shoot a sling bullet.
The sling bullet completely misses the scorpion.
* * * LOW HITPOINT WARNING * * *
You feel very sick. The scorpion barely misses you. The scorpion stings you.
* * * LOW HITPOINT WARNING * * *
You shoot a sling bullet. The sling bullet hits the scorpion!
You kill the scorpion!
Trog accepts your kill.
* * * LOW HITPOINT WARNING * * *
You feel very sick.
You have reached level 4!
You feel clever.
It was a potion of might.
You feel very mighty all of a sudden.
You die...

..# #..##...........
.... ##..####.........
#...##...###...#......
##....#.......#####....
.#............## #....
......#.......## #....
..#.#..#........# ##...
...$.....##.....# #..
......$@..#....##
................#
...#.............# ..
##...>........#
.........#####
.####......# #.
.......# # ....###


There were no monsters in sight!

Vanquished Creatures
  A scorpion (D:6)
  A worm (D:2)
  8 bats
  5 endoplasms
  4 giant cockroaches
  4 hobgoblins
  A quokka (D:1)
  3 ball pythons (D:1)
  2 frilled lizards (D:2)
  4 kobolds
  4 rats (D:1)
37 creatures vanquished.

Notes
Turn   | Place    | Note
-------+----------+-------------------------------------------
     0 | D:1      | Destapler the Demonspawn Berserker began the quest for the
                  | Orb.
     0 | D:1      | Reached XP level 1. HP: 18/18 MP: 1/1
   253 | D:1      | Gained mutation: You regenerate a little health from kills.
                  | [demonic ancestry]
   253 | D:1      | Reached XP level 2. HP: 24/24 MP: 2/2
   381 | D:1      | Found a faded altar of an unknown god.
   625 | D:2      | Reached XP level 3. HP: 28/29 MP: 3/3
   752 | D:2      | Identified the +7 sling "Beastbane" {drain, rElec rN+}
  1132 | D:3      | You fall into a shaft and drop 3 floors!
  1151 | D:6      | Noticed a scorpion
  1159 | D:6      | Killed a scorpion
  1159 | D:6      | HP: 1/29 [poisoned by a scorpion]
  1160 | D:6      | Reached XP level 4. HP: 2/36 MP: 4/4
  1160 | D:6      | Succumbed to a scorpion's poison

Illustrated notes

Levels and vault maps discovered:
D:1:      minmay_arrival_cross, layout_rooms,
          shapermc_ecumenical_altar_mp_vishouse
D:2:      layout_loops_ring, kennysheep_nondescript
D:3:      layout_basic, minmay_quadrilaterals, uniq_terence
D:6:      minmay_clustersquares, layout_cave_pools,
          mainiacjoe_overflow_tiny_flanked, temple_statues,
          roderic_st_hans_cross, uniq_edmund

Skill      XL: |  1  2 |
---------------+-------+-----
Armour         | 2 |  2.5
Dodging        | 2 |  2.5
Polearms       | 3 |  3.2
Fighting       | |  3.6
Ranged Weapons | |  0.9

Action                     |  1- 3 |  4- 6 || total
---------------------------+-------+-------++-------
  Melee: Spear             |    93 |       ||    93
   Fire: Sling             |    17 |       ||    17
  Throw: Stone             |    10 |       ||    10
 Invoke: Berserk           |     3 |       ||     3
    Use: Potion            |       |     1 ||     1
   Stab: Sleeping          |     2 |       ||     2
 Armour: Animal skin       |    19 |       ||    19
  Dodge: Dodged            |    48 |       ||    48
